 Dungeon Crawl Stone Soup version 0.28.0-53-g5a82cb258f (webtiles) character file.

Game seed: 11053741233635987628

19496 MisterFreud the Covert (level 12, -2/97 HPs)
             Began as a Gnoll Delver on June 15, 2022.
             Was an Initiate of Gozag.
             Slain by a black mamba (8 damage)
             ... on level 4 of the Lair of Beasts.
             The game lasted 00:20:24 (13662 turns).

MisterFreud the Covert (Gnoll Delver)              Turns: 13662, Time: 00:20:25

Health: -2/97      AC:  7    Str: 17    XL:     12   Next: 69%
Magic:  0/35       EV: 15    Int: 16    God:    Gozag
Gold:   945        SH:  6    Dex: 13    Spells: 25/32 levels left

rFire   . . .      SeeInvis .   y - +6 dagger (venom)
rCold   . . .      Faith    .   t - +0 buckler
rNeg    . . .      Spirit   +   b - +1 leather armour
rPois   .          Reflect  .   o - +0 helmet of the Flute {Will+ Regen+}
rElec   .          Harm     .   D - +0 cloak
rCorr   .          Rampage  .   (no gloves)
Will    +....                   (no boots)
Stlth   +++++.....              C - amulet of guardian spirit
HPRegen 1.06/turn               s - ring of magical power
MPRegen 0.24/turn               v - +6 ring of strength

@: lethally poisoned (-2 -> -3), about to teleport, studying 2 skills
A: fangs 1, strong nose, distributed training
a: Renounce Religion, Potion Petition, Call Merchant, Bribe Branch


You were on level 4 of the Lair of Beasts.
You worshipped Gozag.
Gozag was pleased with you.
You visited 2 branches of the dungeon, and saw 15 of its levels.

You collected 1944 gold pieces.
You spent 960 gold pieces at shops.
You paid 39 gold pieces to Gozag.

Inventory:

Hand Weapons
 a - a +0 short sword
 y - a +6 dagger of venom (weapon)
Missiles
 k - 4 boomerangs of dispersal
 m - 4 boomerangs
 p - 5 atropa-tipped darts (quivered)
 F - 12 poisoned darts
 I - 4 throwing nets
 N - 7 curare-tipped darts
 S - 3 silver javelins
Armour
 b - a +1 leather armour (worn)
 l - a scarf of harm
 o - the +0 helmet of the Flute (worn) {Will+ Regen+}
   (You found it on level 3 of the Dungeon)

   Regen:     It increases your rate of health regeneration.
   Will:      It increases your willpower.
 t - a +0 buckler (worn)
 D - a +0 cloak (worn)
Jewellery
 s - a ring of magical power (left hand)
 v - a +6 ring of strength (right hand)
 A - a ring of ice
 C - an amulet of guardian spirit (around neck)
 H - an amulet of magic regeneration
 J - an amulet of reflection
 L - a +6 ring of intelligence
 M - a ring of positive energy
Wands
 g - a wand of digging (2)
 n - a wand of polymorph (14)
 K - a wand of flame (17)
 O - a wand of paralysis (5)
 P - a wand of iceblast (3)
Scrolls
 c - a scroll of fog
 d - 3 scrolls of magic mapping
 e - 2 scrolls of fear
 h - 3 scrolls of blinking
 j - 3 scrolls of teleportation
 r - 5 scrolls of identify
 u - 2 scrolls of enchant armour
Potions
 f - 3 potions of haste
 i - 6 potions of attraction
 q - 4 potions of lignification
 w - 2 potions of might
 x - 3 potions of curing
 z - a potion of resistance
 B - 3 potions of magic
 E - a potion of berserk rage
 G - 4 potions of cancellation
 Q - a potion of brilliance
 R - a potion of mutation


   Skills:
 + Level 10.0 Fighting
 + Level 8.9 Short Blades
 + Level 7.5 Long Blades
 + Level 7.5 Axes
 + Level 7.5 Maces & Flails
 + Level 7.5 Polearms
 + Level 7.5 Staves
 + Level 7.5 Slings
 + Level 7.5 Bows
 + Level 7.5 Crossbows
 + Level 7.5 Throwing
 + Level 7.5 Armour
 + Level 8.9 Dodging
 + Level 13.0 Stealth
 + Level 7.5 Shields
 + Level 7.5 Unarmed Combat
 + Level 10.6 Spellcasting
 + Level 6.2 Conjurations
 + Level 6.2 Hexes
 + Level 6.2 Summonings
 + Level 6.2 Necromancy
 + Level 6.2 Translocations
 + Level 6.2 Transmutations
 + Level 6.2 Fire Magic
 + Level 6.2 Ice Magic
 + Level 6.2 Air Magic
 + Level 6.2 Earth Magic
 + Level 6.2 Poison Magic
 + Level 8.2 Invocations
 + Level 7.5 Evocations


You had 25 spell levels left.
You knew the following spells:

 Your Spells              Type           Power      Damage    Failure   Level
a - Passwall              Tmut/Erth      23%        N/A       1%          2
b - Mephitic Cloud        Conj/Pois/Air  28%        N/A       2%          3
c - Ensorcelled Hibernat  Hex/Ice        56%        N/A       1%          2

Your spell library contained the following spells:

 Spells                   Type           Power      Damage    Failure   Level
 Beastly Appendage        Tmut           56%        N/A       1%          1
 Sandblast                Erth           56%        2d13      1%          1
 Sting                    Tmut/Pois      100%       1d8       1%          1
 Summon Small Mammal      Summ           100%       N/A       1%          1
 Sublimation of Blood     Necr           28%        N/A       1%          2
 Gell's Gravitas          Tloc           28%        N/A       2%          3
 Ignite Poison            Fire/Tmut/Pois 28%        N/A       2%          3
 Portal Projectile        Hex/Tloc       56%        N/A       2%          3
 Spider Form              Tmut/Pois      28%        N/A       2%          3
 Stone Arrow              Conj/Erth      56%        3d10      2%          3
 Teleport Other           Tloc           28%        N/A       2%          3
 Anguish                  Hex/Necr       14%        N/A       10%         4
 Petrify                  Tmut/Erth      28%        N/A       10%         4
 Summon Ice Beast         Ice/Summ       28%        N/A       10%         4
 Alistair's Intoxication  Tmut/Pois      18%        N/A       26%         5
 Blade Hands              Tmut           14%        N/A       26%         5
 Borgnjor's Vile Clutch   Necr/Erth      14%        N/A       26%         5
 Excruciating Wounds      Necr           14%        N/A       26%         5
 Freezing Cloud           Conj/Ice/Air   14%        6-21      26%         5
 Irradiate                Conj/Tmut      14%        3d18      26%         5
 Summon Mana Viper        Hex/Summ       28%        N/A       26%         5
 Dispersal                Tloc           14%        N/A       82%         6
 Eringya's Noxious Bog    Tmut/Pois      14%        N/A       82%         6
 Monstrous Menagerie      Summ           14%        N/A       100%        7


Dungeon Overview and Level Annotations

Branches:
Dungeon (11/15)            Temple (0/1) D:7            Lair (4/6) D:9
  Snake (0/4) Lair:4          Orc (0/2) D:11
  Swamp: Lair:2-4    Shoals: Lair:2-4

Altars:
Ashenzari
Cheibriados
Dithmenos
Elyvilon
Gozag
Hepliaklqana
Kikubaaqudgha
Uskayaw
Yredelemnul
The Shining One

Shops:
D:5 ::   D:10 (

Annotations:
D:3 3 runed translucent doors, Britaniac's ghost, amateur OpFE; nonnadibruder's ghost, amateur MiFi


Innate Abilities, Weirdness & Mutations

You have very sharp teeth.
Your uncanny sense of smell can sniff out nearby items.
Your experience applies equally to all skills.


Message History

Unknown command.
Unknown command.
Unknown command.
Unknown command.
Okay, then.
Aiming: Dig
Press: ? - help, Shift-Dir - straight line, p - black mamba A rock wall.
The rock shatters into small pieces.
You hear a croak.
The black mamba bites you!
* * * LOW HITPOINT WARNING * * *
You are poisoned.
The black mamba poisons you! The water moccasin bites you.
* * * LOW HITPOINT WARNING * * *
A boulder beetle comes into view.
The black mamba misses you. You block the water moccasin's attack.
Unknown command.
A blink frog comes into view.
You feel very sick. The black mamba barely misses you.
The blink frog moves out of view.
You feel very sick. The black mamba bites you!
* * * LOW HITPOINT WARNING * * *
Okay, then.
Unknown command.
Unknown command.
Unknown command.
Unknown command.
Unknown command.
Unknown command.
Unknown command.
Unknown command.
Unknown command.
Unknown command.
Unknown command.
As you read the scroll of teleportation, it crumbles to dust.
You feel strangely unstable.
You feel sick. The black mamba bites you!
You die...
Your body crumbles into a pile of gold.

.# ∆ ... ... #.#
#.. ∆ #.# #.. #.#
#.. #.# S.## ##.#
##..###@#
...##..$##S####
.....S..#S#....#
#)P.###..#S.......
# ##...SP#.....
#####.......#####
#####...#.>..####
#P.#..........##
##...............#


You could see a black mamba and a water moccasin.

Vanquished Creatures
  3 hydras
  Harold (D:7)
  5 two-headed ogres
  3 centaur zombies (D:10)
  Joseph (D:8)
  4 black mambas (Lair:4)
  A gargoyle (D:10)
  6 cane toads
  A demonic crawler (Lair:2)
  A rime drake (Lair:2)
  5 komodo dragons
  Prince Ribbit (D:8)
  A meliai zombie (D:10)
  2 shadows
  3 wyverns
  11 yaks
  2 steam dragons
  An acid dragon (D:9)
  2 swamp worms (Lair:2)
  12 water moccasins
  3 orc warriors
  A sky beast (D:6)
  A black bear (Lair:2)
  A necrophage (D:6)
  2 ogres
  6 wolves (Lair:3)
  3 centaurs
  A kobold brigand (D:9)
  6 bullfrogs
  2 gnoll sergeants
  2 scorpions (D:6)
  A water moccasin skeleton (D:6)
  3 killer bees (D:9)
  A bullfrog zombie (D:5)
  4 hounds
  3 orc priests
  3 gnoll shamans
  2 jellies (D:6)
  2 centaur skeletons
  Crazy Yiuf (D:6)
  Jessica (D:2)
  2 iguanas
  4 hell rats
  8 orc wizards
  Terence (D:2)
  16 gnolls
  10 adders
  3 white imps
  An ufetubus (D:6)
  A worm (D:2)
  5 dart slugs
  34 orcs
  7 ball pythons
  6 bats
  7 endoplasms
  A giant cockroach (D:4)
  6 goblins
  7 hobgoblins
  7 jackals
  4 quokkas
  4 frilled lizards
  11 kobolds
  5 rats
265 creatures vanquished.

Vanquished Creatures (others)
  A gnoll (D:7)
  7 fungi
  15 plants
23 creatures vanquished.

Grand Total: 288 creatures vanquished

Notes
Turn   | Place    | Note
-------+----------+-------------------------------------------
     0 | D:5      | Reached skill level 9 in Stealth
     0 | D:5      | MisterFreud the Gnoll Delver began the quest for the Orb.
     0 | D:5      | Reached XP level 1. HP: 23/23 MP: 1/1
    44 | D:5      | Noticed a hound
    60 | D:5      | Killed a hound
    61 | D:5      | Reached XP level 2. HP: 22/29 MP: 1/3
    61 | D:5      | Reached XP level 3. HP: 27/35 MP: 1/4
   147 | D:4      | Reached skill level 1 in Invocations
   497 | D:2      | Noticed Terence
   506 | D:2      | Reached skill level 1 in Long Blades
   506 | D:2      | Reached skill level 1 in Axes
   506 | D:2      | Reached skill level 1 in Maces & Flails
   506 | D:2      | Reached skill level 1 in Polearms
   506 | D:2      | Reached skill level 1 in Staves
   506 | D:2      | Reached skill level 1 in Slings
   506 | D:2      | Reached skill level 1 in Bows
   506 | D:2      | Reached skill level 1 in Crossbows
   506 | D:2      | Reached skill level 1 in Throwing
   506 | D:2      | Reached skill level 1 in Armour
   506 | D:2      | Reached skill level 1 in Shields
   506 | D:2      | Reached skill level 1 in Unarmed Combat
   506 | D:2      | Reached skill level 1 in Spellcasting
   506 | D:2      | Reached skill level 1 in Evocations
   506 | D:2      | Reached XP level 4. HP: 41/41 MP: 5/5
   512 | D:2      | Killed Terence
   695 | D:1      | Reached skill level 1 in Conjurations
   695 | D:1      | Reached skill level 1 in Hexes
   695 | D:1      | Reached skill level 1 in Summonings
   695 | D:1      | Reached skill level 1 in Necromancy
   695 | D:1      | Reached skill level 1 in Translocations
   695 | D:1      | Reached skill level 1 in Transmutations
   695 | D:1      | Reached skill level 1 in Fire Magic
   695 | D:1      | Reached skill level 1 in Ice Magic
   695 | D:1      | Reached skill level 1 in Air Magic
   695 | D:1      | Reached skill level 1 in Earth Magic
   695 | D:1      | Reached skill level 1 in Poison Magic
  1461 | D:1      | Found a faded altar of an unknown god.
  1625 | D:1      | Found an opulent altar of Gozag.
  1830 | D:2      | Reached XP level 5. HP: 30/47 MP: 6/6
  2038 | D:2      | Noticed Jessica
  2043 | D:2      | Killed Jessica
  2539 | D:2      | Identified a scroll of acquirement
  2539 | D:2      | Acquired a manual of Spellcasting
  2904 | D:3      | Identified the +0 helmet of the Flute {Will+ Regen+}
  3118 | D:3      | Found a runed translucent gate.
  3118 | D:3      | Found a runed translucent gate.
  3119 | D:3      | Found a runed translucent gate.
  3120 | D:3      | Noticed Britaniac's ghost (amateur OpFE)
  3121 | D:3      | Noticed nonnadibruder's ghost (amateur MiFi)
  3333 | D:3      | Reached XP level 6. HP: 53/53 MP: 8/8
  3601 | D:4      | Noticed a two-headed ogre
  3607 | D:4      | Killed a two-headed ogre
  3608 | D:4      | Reached skill level 5 in Short Blades
  3608 | D:4      | Reached skill level 5 in Dodging
  3608 | D:4      | Reached skill level 10 in Stealth
  3608 | D:4      | Reached XP level 7. HP: 41/60 MP: 9/12
  3950 | D:4      | Learned a level 2 spell: Passwall
  4070 | D:4      | Learned a level 3 spell: Mephitic Cloud
  4085 | D:5      | Found an ancient bone altar of Kikubaaqudgha.
  4105 | D:5      | Reached XP level 8. HP: 64/67 MP: 13/13
  4342 | D:5      | Found a hide-covered altar of Uskayaw.
  4419 | D:5      | Found a glowing golden altar of the Shining One.
  4610 | D:5      | Found Columal's Self-Improvement Boutique.
  4727 | D:5      | Found a white marble altar of Elyvilon.
  4734 | D:5      | Found a hazy altar of Hepliaklqana.
  4932 | D:1      | Became a worshipper of Gozag Ym Sagoz the Greedy
  5031 | D:5      | Found a basalt altar of Yredelemnul.
  5337 | D:6      | Reached skill level 5 in Spellcasting
  5491 | D:6      | Reached XP level 9. HP: 70/73 MP: 16/16
  6073 | D:6      | Found a runed translucent door.
  6074 | D:6      | Noticed Crazy Yiuf
  6084 | D:6      | Killed Crazy Yiuf
  6204 | D:7      | Found a shadowy altar of Dithmenos.
  6507 | D:7      | Noticed Harold
  6636 | D:7      | Found a staircase to the Ecumenical Temple.
  6816 | D:7      | Killed Harold
  6817 | D:7      | Reached skill level 5 in Invocations
  7486 | D:8      | Reached XP level 10. HP: 80/80 MP: 20/20
  7671 | D:8      | Noticed Prince Ribbit
  7694 | D:8      | Killed Prince Ribbit
  7695 | D:8      | Reached skill level 5 in Long Blades
  7695 | D:8      | Reached skill level 5 in Axes
  7695 | D:8      | Reached skill level 5 in Maces & Flails
  7695 | D:8      | Reached skill level 5 in Polearms
  7695 | D:8      | Reached skill level 5 in Staves
  7695 | D:8      | Reached skill level 5 in Slings
  7695 | D:8      | Reached skill level 5 in Bows
  7695 | D:8      | Reached skill level 5 in Crossbows
  7695 | D:8      | Reached skill level 5 in Throwing
  7695 | D:8      | Reached skill level 5 in Armour
  7695 | D:8      | Reached skill level 5 in Shields
  7695 | D:8      | Reached skill level 5 in Unarmed Combat
  7695 | D:8      | Reached skill level 5 in Evocations
  7722 | D:8      | Got The Arcane Arts for Neophytes
  7999 | D:8      | Noticed Joseph
  8001 | D:8      | Killed Joseph
  8700 | D:9      | Reached skill level 11 in Stealth
  8830 | D:9      | Found a staircase to the Lair.
  8873 | D:9      | Found a snail-covered altar of Cheibriados.
  9006 | D:9      | Noticed a two-headed ogre
  9039 | D:9      | Killed a two-headed ogre
  9148 | D:5      | Bought a manual of Stealth for 960 gold pieces
  9272 | D:10     | Entered Level 10 of the Dungeon
  9275 | D:10     | Noticed a gargoyle
  9277 | D:10     | Killed a gargoyle
  9304 | D:10     | Noticed a two-headed ogre
  9306 | D:10     | Killed a two-headed ogre
  9307 | D:10     | Reached XP level 11. HP: 87/87 MP: 23/23
  9417 | D:10     | Noticed a two-headed ogre
  9434 | D:10     | Killed a two-headed ogre
  9435 | D:10     | Reached skill level 5 in Conjurations
  9435 | D:10     | Reached skill level 5 in Hexes
  9435 | D:10     | Reached skill level 5 in Summonings
  9435 | D:10     | Reached skill level 5 in Necromancy
  9435 | D:10     | Reached skill level 5 in Translocations
  9435 | D:10     | Reached skill level 5 in Transmutations
  9435 | D:10     | Reached skill level 5 in Fire Magic
  9435 | D:10     | Reached skill level 5 in Ice Magic
  9435 | D:10     | Reached skill level 5 in Air Magic
  9435 | D:10     | Reached skill level 5 in Earth Magic
  9435 | D:10     | Reached skill level 5 in Poison Magic
  9845 | D:10     | Found Baocidd's Weapon Shop.
  9893 | D:10     | Noticed an eight-headed hydra
  9896 | D:10     | Killed an eight-headed hydra
  9955 | D:10     | Found a broken altar of Ashenzari.
 10016 | D:10     | Noticed a two-headed ogre
 10029 | D:10     | Killed a two-headed ogre
 10286 | D:11     | Found a staircase to the Orcish Mines.
 10444 | D:9      | Reached skill level 12 in Stealth
 10459 | Lair:1   | Entered Level 1 of the Lair of Beasts
 10801 | Lair:1   | Learned a level 2 spell: Ensorcelled Hibernation
 11662 | Lair:2   | Reached XP level 12. HP: 96/96 MP: 22/25
 12786 | Lair:3   | Reached skill level 10 in Spellcasting
 13036 | Lair:3   | Noticed a seven-headed hydra
 13040 | Lair:3   | Killed a seven-headed hydra
 13114 | Lair:3   | Noticed a six-headed hydra
 13122 | Lair:3   | Killed a six-headed hydra
 13314 | Lair:3   | Noticed a catoblepas
 13483 | Lair:4   | Found a staircase to the Snake Pit.
 13503 | Lair:4   | Reached skill level 10 in Fighting
 13527 | Lair:4   | Reached skill level 13 in Stealth
 13659 | Lair:4   | Noticed a boulder beetle
 13662 | Lair:4   | Slain by a black mamba

Illustrated notes

Levels and vault maps discovered:
D:1:      dpeg_arrival_water_altar, layout_basic,
          dreamdust_ecumenical_altar_angels_and_demons
D:2:      layout_basic, serial_glass, glass_columns_a, glass_columns_a,
          uniq_jessica, uniq_terence
D:3:      minmay_octagon_keep, layout_basic, gammafunk_ghost_cemetery
D:4:      layout_loops_cross
D:5:      layout_loops_cross, kennysheep_mini_moat,
          mainiacjoe_overflow_alcove_1, kiku_gazebo_pond_becter,
          mainiacjoe_overflow_catwalk_spiral, kennysheep_little_box,
          serial_shops, nicolae_shop_waterfront, nicolae_shop_self_help
D:6:      layout_basic, uniq_crazy_yiuf_cottage
D:7:      layout_rooms, nicolae_dithmenos_the_darkroom, temple_statues,
          minmay_misc_feat_more_columns, lemuel_flame_loot_1, uniq_harold
D:8:      layout_basic, uniq_prince_ribbit1, uniq_joseph
D:9:      layout_loops_ring, old_standard_altar, lair_entry_dummy
D:10:     layout_roguey, mainiacjoe_overflow_alcove_2, serial_shops,
          nicolae_shop_stone, kennysheep_potato
D:11:     layout_irregular_city, orc_0_dummy
Lair:1:   layout_chaotic_city
Lair:2:   layout_long_grid, worms_lemuel, grunt_megastairs_3
Lair:3:   layout_cave_pods
Lair:4:   layout_cave_pods, palyth_hydra_swamp_entry,
          minmay_snake_entry_six_corridors, grunt_megastairs_5

Skill      XL: |  1  2  3  4  5  6  7  8  9 10 11 12 |
---------------+-------------------------------------+-----
Stealth        | 10 11 12 13 | 13.0
Invocations    | 1 3 4 5 6 7 8 |  8.2
Long Blades    | 1 2 3 4 5 6 7 |  7.5
Axes           | 1 2 3 4 5 6 7 |  7.5
Maces & Flails | 1 2 3 4 5 6 7 |  7.5
Polearms       | 1 2 3 4 5 6 7 |  7.5
Staves         | 1 2 3 4 5 6 7 |  7.5
Slings         | 1 2 3 4 5 6 7 |  7.5
Bows           | 1 2 3 4 5 6 7 |  7.5
Crossbows      | 1 2 3 4 5 6 7 |  7.5
Throwing       | 1 2 3 4 5 6 7 |  7.5
Armour         | 1 2 3 4 5 6 7 |  7.5
Shields        | 1 2 3 4 5 6 7 |  7.5
Unarmed Combat | 1 2 3 4 5 6 7 |  7.5
Spellcasting   | 1 3 5 6 8 9 10 | 10.6
Evocations     | 1 2 3 4 5 6 7 |  7.5
Conjurations   | 1 2 3 4 5 6 |  6.2
Hexes          | 1 2 3 4 5 6 |  6.2
Summonings     | 1 2 3 4 5 6 |  6.2
Necromancy     | 1 2 3 4 5 6 |  6.2
Translocations | 1 2 3 4 5 6 |  6.2
Transmutations | 1 2 3 4 5 6 |  6.2
Fire Magic     | 1 2 3 4 5 6 |  6.2
Ice Magic      | 1 2 3 4 5 6 |  6.2
Air Magic      | 1 2 3 4 5 6 |  6.2
Earth Magic    | 1 2 3 4 5 6 |  6.2
Poison Magic   | 1 2 3 4 5 6 |  6.2
Fighting       | 7 8 9 10 | 10.0
Short Blades   | 5 6 7 8 |  8.9
Dodging        | 5 6 7 8 |  8.9

Action                   |  1- 3 |  4- 6 |  7- 9 | 10-12 || total
-------------------------+-------+-------+-------+-------++-------
Melee: Short sword       |    37 |   216 |       |       ||   253
       Bite              |     2 |    23 |    37 |    64 ||   126
       Punch             |       |     6 |     8 |       ||    14
       Dagger            |       |     2 |   307 |   542 ||   851
 Cast: Mephitic Cloud    |       |       |     1 |     2 ||     3
       Ensorcelled Hiber |       |       |       |    61 ||    61
Evoke: Wand              |       |       |       |     1 ||     1
  Use: Scroll            |       |    11 |     6 |     7 ||    24
       Potion            |       |       |     3 |     1 ||     4
 Stab: Sleeping          |     6 |    16 |    17 |    50 ||    89
       Distracted        |       |       |     1 |     3 ||     4
       Confused          |       |       |     2 |     2 ||     4
Armor: Leather armour    |    13 |    38 |    49 |    86 ||   186
Dodge: Dodged            |    19 |   113 |   148 |   296 ||   576
Block: Buckler           |       |       |    20 |   108 ||   128
